[Event "Lliga Catalana DH 2023"]
[Site "Catalonia"]
[Date "2023.02.25"]
[Round "6.9"]
[White "Pang, Khai Jie Ryan"]
[Black "Gonzalez Garcia, Marc"]
[Result "1/2-1/2"]
[ECO "C05"]
[WhiteElo "1841"]
[BlackElo "2143"]
[Annotator "TA"]
[PlyCount "74"]
[EventDate "2023.01.24"]
[EventType "team-tourn"]
[EventCountry "ESP"]
[SourceTitle "playchess.com"]
[Source "ChessBase"]
[SourceQuality "1"]
[TimeControl "40/5400+30:1800+30"]

1. e4 e6 2. d4 d5 3. Nd2 c5 4. Ngf3 Nf6 5. e5 Nfd7 6. c3 b6 7. h4 Be7 {C05: French Tarrasch: 3...Nf6 4 e5 Nfd7, 5 f4 and 5 Bd3 sidelines.} 8. h5 {[#]} f6 $146 (8... h6 $11) ({Predecessor:} 8... Ba6 9. Bxa6 Nxa6 10. Qe2 Nab8 11. h6 g6 12. Nf1 Nc6 13. Ne3 Rc8 14. a3 cxd4 15. cxd4 {1-0 Jones,G (2677)-Rustemov,A (2525) Titled Tuesday intern op 25th May blitz 2021 (4)}) 9. h6 $14 g6 {White is slightly better.} 10. exf6 Bxf6 11. Bd3 O-O 12. O-O (12. Ne4 {is more complex.} Nc6 13. Nxf6+ Nxf6 14. Kf1) 12... e5 (12... cxd4 $11 13. cxd4 Nc6) 13. dxe5 Nxe5 14. Nxe5 Bxe5 15. Nf3 (15. Ne4 $5 ) 15... Bg4 {...Bxf3 is the strong threat.} 16. Be2 Bf6 17. Nh2 (17. Bf4 $5 ) 17... Bxe2 18. Qxe2 Qd7 {Dodges Qe6+} 19. Ng4 Nc6 20. Nxf6+ Rxf6 21. Re1 Kf7 22. Bg5 Re6 (22... Rf5 $1 $14 23. f4 Re8) 23. Qf3+ $1 $16 Kg8 24. Rxe6 Qxe6 25. Rd1 d4 26. cxd4 Rf8 $2 (26... cxd4 $16 27. Rc1 Rc8) 27. d5 $1 $18 Qe5 (27... Qc8 28. Qe4 Re8) 28. Qe3 $2 (28. Qxf8+ Kxf8 29. dxc6) 28... Qd6 $2 {[#]} (28... Qxe3 29. fxe3 (29. Bxe3 Rd8 $14) 29... Ne5) 29. Qf3 $4 Qe5 $4 (29... Rxf3 $19 30. gxf3 Nd4) 30. Qe3 $40 {[%mdl 128] White has some attack.} (30. Qxf8+ $142 Kxf8 31. dxc6) 30... Qd6 $1 {[#]} 31. Qf3 $4 Qe5 $4 (31... Rxf3 $19 32. gxf3 Nd4) 32. Qe3 Qd6 33. Qe6+ ({Inferior is} 33. dxc6 Qxd1+ 34. Kh2 Qd6+ 35. f4 Qxc6 $11) (33. Qe1 $18 {and White stays clearly on top.} Nd4 34. Be7 Qxd5 35. Bxf8 Kxf8 36. Qe3) 33... Qxe6 $16 34. dxe6 {And now Rd7 would win.} Nd4 35. e7 Re8 36. Bf6 Ne6 $2 (36... Kf7 $16 37. Bxd4 cxd4) 37. g4 Kf7 {Weighted Error Value: White=1.31/Black=0.57} 1/2-1/2

[Event "Lliga Catalana DH 2023"]
[Site "Catalonia"]
[Date "2023.02.25"]
[Round "6.10"]
[White "Salinas Tomas, Daniel"]
[Black "Hoyas Cebrian, Lucas"]
[Result "1-0"]
[ECO "A52"]
[WhiteElo "2147"]
[BlackElo "1914"]
[Annotator "TA"]
[PlyCount "91"]
[EventDate "2023.01.24"]
[EventType "team-tourn"]
[EventCountry "ESP"]
[SourceTitle "playchess.com"]
[Source "ChessBase"]
[SourceQuality "1"]
[TimeControl "40/5400+30:1800+30"]

1. d4 Nf6 2. c4 e5 3. dxe5 Ng4 4. Nf3 Nc6 5. e3 Ngxe5 6. Be2 d6 {[%emt 0:02:31] A52: Budapest Gambit.} 7. Nc3 Be6 8. b3 (8. Qb3 $5 ) 8... g6 {[%emt 0:00:20] White is slightly better.} 9. Bb2 Bg7 10. O-O O-O 11. Qd2 {[%emt 0:00:45] [#]} Qf6 $146 ({Predecessor:} 11... Nxf3+ 12. Bxf3 Be5 13. Bxc6 bxc6 14. f4 Bg7 15. Ne4 Qe7 16. Bxg7 Kxg7 17. Qc3+ f6 {1-0 Corvi,M (2284)-Proietti Cobas,J (1714) Rome Lazio op 28th 2021 (1)}) 12. Nd4 (12. Nxe5 {simplifies} Qxe5 13. f4 Qa5 14. Rad1) 12... Qh4 13. Nd5 (13. Rae1 $16) 13... Bxd5 14. cxd5 Nxd4 15. Bxd4 c5 16. dxc6 bxc6 17. Rac1 Rfd8 18. Rfd1 c5 19. Bc3 Ng4 20. Bxg4 Bxc3 21. Rxc3 Qxg4 22. Rd3 c4 {[%emt 0:01:59] [#]} (22... a5 $16 {was worth a try.}) 23. Rd4 $1 $18 (23. Rxd6 $6 Rxd6 24. Qxd6 c3 $14) 23... Qe6 24. Rxc4 (24. bxc4 Rac8 $16) (24. Rxd6 $6 Rxd6 25. Qxd6 Qxd6 26. Rxd6 Rb8 $14) 24... Rac8 25. Rxc8 Rxc8 {[%emt 0:02:31][%mdl 4096] Endgame KQR-KQR} 26. h3 (26. Qxd6 $2 Qxd6 27. Ra1 Qd2 $19) 26... Rc6 27. Qb4 Ra6 28. Qd2 {[%emt 0:03:32] White is more active.} ({Better is} 28. Rd4 $16) 28... h5 $2 (28... Rc6 $1 $11 {and Black is okay.}) 29. Rc1 d5 30. Rc5 Rd6 (30... Qe5 $142 31. f4 (31. Qxd5 Qxd5 32. Rxd5 Rxa2 $16) (31. Rxd5 Qa1+ 32. Qd1 Rxa2 $16) 31... Qa1+ 32. Kh2 d4 33. Rc8+ (33. exd4 Rxa2 34. Rc8+ Kh7 $11) (33. Qxd4 Qxd4 34. exd4 Rxa2 $14) 33... Kh7) 31. Qd4 a6 32. Qc3 {[%emt 0:01:22] [#] Hoping for Rc8+.} f6 $2 (32... Kh7 {might work better.} 33. f3 (33. Rc8 d4 $16) 33... g5) 33. Rc7 Qe5 (33... d4 {keeps fighting.} 34. Qb4 Rd7) 34. Rc8+ Kf7 35. Qc7+ Qe7 36. Qb8 f5 37. Qb4 Qe6 $2 (37... d4 38. exd4 Rd8 39. Qxe7+ Kxe7) 38. Qc3 $2 (38. Ra8 Qe7 39. Qb8) 38... Qf6 39. Qc5 {[%emt 0:02:02] Strongly threatening Qa7+.} ({But not} 39. Qc7+ Qe7 40. Qb8 d4 41. exd4 (41. Rh8 Kg7 $18) 41... Rxd4 $18) 39... Qe6 $2 (39... Qe7 40. Rh8 Kg7) 40. Qa7+ (40. Rh8 $142) 40... Rd7 41. Qd4 {[%emt 0:31:00] Qh8 would be deadly.} ({Much less strong is} 41. Qc5 Qd6 42. Qd4 Rc7 43. Rxc7+ Qxc7 44. Qxd5+ Kf6 $18) 41... Ke7 $2 (41... Re7) 42. Qg7+ {[%emt 0:04:59] White is clearly winning.} Kd6 43. Qc3 {[%emt 0:00:05] White threatens Rc6+ and mate.} Ke7 44. Rc6 {[%emt 0:00:01] White wants to mate with Qg7+.} Rd6 45. Qg7+ Kd8 46. Qc7+ {[%emt 0:00:05] Weighted Error Value: White=0.43/Black=0.38} 1-0

[Event "Lliga Catalana DH 2023"]
[Site "Catalonia"]
[Date "2023.02.25"]
[Round "6.10"]
[White "Mateu Guiu, Esteve"]
[Black "Ano Pla, Gerard"]
[Result "1-0"]
[ECO "E66"]
[WhiteElo "2036"]
[BlackElo "2190"]
[Annotator "TA"]
[PlyCount "119"]
[EventDate "2023.01.24"]
[EventType "team-tourn"]
[EventCountry "ESP"]
[SourceTitle "playchess.com"]
[Source "ChessBase"]
[SourceQuality "1"]
[TimeControl "40/5400+30:1800+30"]

1. d4 d6 2. Nf3 g6 3. c4 Bg7 4. g3 Nf6 5. Bg2 O-O 6. Nc3 c5 7. O-O Nc6 8. d5 Na5 9. Nd2 Rb8 10. Rb1 a6 11. b3 b5 12. Bb2 bxc4 13. bxc4 Bd7 14. Qc2 Qc7 {E66: King's Indian: Fianchetto: 6...c5 7 0-0 Nc6 8 d5.} 15. Nce4 Nxe4 16. Bxe4 {[#]} e5 $146 {White is slightly better.} ({Predecessor:} 16... Bxb2 17. Rxb2 Rxb2 18. Qxb2 Rb8 19. Qc3 Bh3 20. Bg2 Bd7 21. e4 Qb6 22. e5 Qb4 {0-1 Khipkhenov,I (2055)-Tunik,S (2140) Irkutsk Ermolaev Memorial 7th 2013 (6)}) 17. Bc3 f5 18. Bg2 f4 (18... Ra8 $16) 19. Rxb8 $18 {[%mdl 64] [#] Deflection} Rxb8 20. gxf4 Re8 (20... exf4 $142 21. Bxg7 Kxg7) 21. fxe5 Bxe5 22. Bxe5 Rxe5 23. e3 Qd8 24. Qc3 Bf5 25. f4 Re8 (25... Re7 {was necessary.} 26. e4 Bg4) 26. e4 Bg4 27. e5 Bf5 28. e6 Nb7 29. Be4 Qa5 30. Qxa5 Nxa5 31. Bxf5 gxf5 {[%mdl 4096] Endgame KRN-KRN} 32. Rb1 Kg7 33. Rb6 Ra8 34. Rxd6 Kf6 35. Rb6 Rg8+ 36. Kf2 Rg4 37. Kf3 Rh4 38. Rxa6 Nb7 39. Ra7 Nd6 40. Rd7 Rh3+ 41. Kg2 Rd3 42. Rxd6 Rxd2+ {KR-KR} 43. Kf3 {[#] aiming for Rd7.} Rd3+ 44. Ke2 Rd4 45. Rd7 {Black must now prevent Rf7+.} Rxf4 46. Rf7+ Kg6 47. Kd3 h5 48. Kc3 {Threatening mate with Rf8.} Rf3+ 49. Kc2 Re3 50. a4 {[%cal Ba2a4,Ba4a5][%mdl 32] Intending a5 and mate.} Re4 51. Kd3 {White wants to mate with a5.} Rd4+ 52. Kc3 {a5 would kill now.} Rd1 53. a5 {White mates.} Rc1+ 54. Kb3 Rb1+ 55. Kc2 Rb4 56. Kc3 Ra4 57. d6 Rxa5 58. d7 Ra3+ 59. Kb2 Rd3 60. Rf8 {White took control after the opening.   Weighted Error Value: White=0.04 (flawless) /Black=0.55} 1-0